 Dungeon Crawl Stone Soup version 0.26-a0-1033-gd598b01645 (webtiles) character file.

Game seed: 17028438809503296764

120 timneilson the Shield-Bearer (level 5, -3/33 HPs)
             Began as a Gargoyle Fighter on Dec 10, 2020.
             Was an Initiate of Qazlal.
             Slain by Sigmund
             ... wielding a +1 vorpal scythe
              (5 damage)
             ... on level 2 of the Dungeon.
             The game lasted 00:02:12 (973 turns).

timneilson the Shield-Bearer (Gargoyle Fighter)      Turns: 973, Time: 00:02:12

Health: -3/33      AC: 15    Str: 21    XL:     5   Next: 4%
Magic:  5/5        EV:  7    Int:  8    God:    Qazlal [......]
Gold:   57         SH: 10    Dex: 15    Spells: 4/4 levels left

rFire    . . .     SeeInvis .   a - +0 long sword
rCold    . . .     Faith    .   c - +0 kite shield
rNeg     + . .     Spirit   .   d - +1 scale mail {Will+}
rPois    ∞         Reflect  .   (no helmet)
rElec    +         Harm     .   (no cloak)
rCorr    .         Rampage  .   (no gloves)
Will     +....                  f - +2 pair of boots
Stlth    ..........             (no amulet)
HPRegen  0.11/turn              i - +6 ring of dexterity
MPRegen  0.09/turn              (no ring)

@: no status effects
A: negative energy resistance 1, electricity resistance, unbreathing,
petrification resistance, rot immunity, AC +4
a: Renounce Religion


You were on level 2 of the Dungeon.
You worshipped Qazlal.
Qazlal was noncommittal.
You visited 1 branch of the dungeon, and saw 2 of its levels.

You collected 57 gold pieces.

Inventory:

Hand Weapons
 a - a +0 long sword (weapon)
Armour
 c - a +0 kite shield (worn)
 d - a +1 scale mail of willpower (worn)
 f - a +2 pair of boots (worn)
Jewellery
 i - a +6 ring of dexterity (left hand)
Scrolls
 g - a scroll of identify {unknown}
Potions
 e - a potion of attraction


   Skills:
 + Level 3.8 Fighting
 * Level 2.8 Long Blades
 * Level 4.1 Armour
 * Level 4.3 Shields


You had 4 spell levels left.
You didn't know any spells.
Your spell library was empty.

Dungeon Overview and Level Annotations

Branches:
Dungeon (2/15)

Altars:
Qazlal

Annotations:
D:2 Sigmund


Innate Abilities, Weirdness & Mutations

You are resistant to torment.
Your stone body is resilient. (AC +4)
You are immune to poison.
You resist negative energy. (rN+)
You are resistant to electric shocks. (rElec)
You can survive without breathing.
You are immune to petrification.
You are immune to rotting.


Message History

The magic dart hits you but does no damage.
You closely miss Sigmund.
Sigmund is severely wounded.
Sigmund hits you with a +1 vorpal scythe.
You hit Sigmund but do no damage.
Sigmund is severely wounded.
Sigmund hits you with a +1 vorpal scythe.
You hit Sigmund.
Sigmund is severely wounded.
Sigmund casts a spell at you. The puff of flame hits you!
* * * LOW HITPOINT WARNING * * *
You hit Sigmund.
Sigmund is almost dead.
Sigmund hits you with a +1 vorpal scythe.
* * * LOW HITPOINT WARNING * * *
x2 You hit Sigmund but do no damage.
Sigmund is almost dead.
Sigmund hits you with a +1 vorpal scythe.
You die...

.......#### ########
#.........#
###########......#
#.####.##.#
#...........####.#
##.##.# #.###########
#.# #..##.####.# #.#
#.###......# #.### #.#
########## #.... #.#
#.......# ##### #.#
#.#####@# # #.# #.#
#..@....... ## #.# #.#
#.....####. #####. #.#
##.##........ #.....
#.###.###...#......##.
#.###.
...................# #
#...
..###.###.<.####.###
#.#. #.# ##.## #.#
#.## #.# .... # #


You could see Sigmund.

Vanquished Creatures
  Terence (D:2)
  4 gnolls (D:2)
  2 adders (D:2)
  2 worms (D:2)
  2 leopard geckos (D:1)
  3 ball pythons
  3 bats
  A giant cockroach (D:1)
  2 goblins
  5 hobgoblins (D:1)
  4 kobolds (D:1)
  3 frilled lizards (D:1)
  A rat (D:1)
33 creatures vanquished.

Notes
Turn   | Place    | Note
-------+----------+-------------------------------------------
     0 | D:1      | timneilson the Gargoyle Fighter began the quest for the
                  | Orb.
     0 | D:1      | Reached XP level 1. HP: 14/14 MP: 1/1
   157 | D:1      | Reached XP level 2. HP: 18/19 MP: 2/2
   454 | D:1      | Reached XP level 3. HP: 23/23 MP: 3/3
   791 | D:2      | Noticed Terence
   803 | D:2      | Reached XP level 4. HP: 14/28 MP: 4/4
   807 | D:2      | Killed Terence
   877 | D:2      | Found a stormy altar of Qazlal.
   883 | D:2      | Became a worshipper of Qazlal Stormbringer
   959 | D:2      | Noticed Sigmund
   962 | D:2      | Reached XP level 5. HP: 33/33 MP: 5/5
   973 | D:2      | Slain by Sigmund

Illustrated notes

Levels and vault maps discovered:
D:1:      eino_arrival_druids_welcome, layout_basic, minmay_misc_feat_pillars,
          hangedman_decor_points
D:2:      layout_loops_ring, nicolae_overflow_crystal_walls,
          grunt_qazlal_clouds, dk_yredelemnul_ordeal, uniq_terence, uniq_sigmund

Skill      XL: |  1  2  3  4 |
---------------+-------------+-----
Long Blades    | 2 |  2.8
Shields        | 4 |  4.3
Armour         | 4 |  4.1
Fighting       | |  3.8

Action                   |  1- 3 |  4- 6 || total
-------------------------+-------+-------++-------
Melee: Long sword        |   117 |    23 ||   140
  Use: Potion            |     1 |     2 ||     3
       Scroll            |     1 |       ||     1
Armor: Scale mail        |    58 |     9 ||    67
Dodge: Dodged            |    32 |     7 ||    39
Block: Kite shield       |    73 |     9 ||    82
       Rpst.: Long sword |     8 |     1 ||     9

Table legend: (Time is in decaauts)
 A = Elapsed time spent in this place.
 B = Non-inter-level travel time spent in this place.
 C = Inter-level travel time spent in this place.
 D = Time resting spent in this place.
 E = Time spent auto-exploring this place.
 F = Levels seen in this place.
 G = Mean time per level.
                   A        B        C        D        E       F      G
               +--------+--------+--------+--------+--------+-----+--------+
         Total |   1024 |    988 |     36 |      0 |    669 |   2 |  512.0 |
       Dungeon |   1024 |    988 |     36 |      0 |    669 |   2 |  512.0 |
               +--------+--------+--------+--------+--------+-----+--------+

Top non-repeatable levels by time:
     D:1: 681 daAuts
     D:2: 342 daAuts
